 Dungeon Crawl Stone Soup version 0.30-a0-385-gfebfb9b408 (webtiles) character file.

Game seed: 11561242052407656727

52792 ketsa the Fighter (level 15, -4/106 HPs)
             Began as a Djinni Fire Elementalist on Nov 29, 2022.
             Was the Champion of Hepliaklqana.
             Killed from afar by a rime drake (21 damage)
             ... with an icy flash freeze
             ... on level 5 of the Lair of Beasts on Dec 2, 2022.
             The game lasted 02:50:51 (19721 turns).

ketsa the Fighter (Djinni Fire Elementalist)       Turns: 19721, Time: 02:50:51

Health: -4/106     AC: 12    Str: 11    XL:     15   Next: 7%
Gold:   1430       EV: 20    Int: 38    God:    Hepliaklqana [******] SH:  0 Dex: 23

rFire   + + +      SeeInvis .    u - +4 dagger "Morg" {pain, Will+ Int+5}
rCold   x . .      Faith    .    (no shield)
rNeg    . . .      Spirit   .    Z - +1 scale mail of Kleptomania {+Inv MP+9 Int+4}
rPois   ∞          Reflect  .    n - +0 helmet
rElec   .          Harm     .    J - +0 cloak
rCorr   .          Rampage  .    M - +0 pair of gloves
Will    ++...                    (boots unavailable)
Stlth   +.........               j - amulet of regeneration
HPRegen 1.17/turn                B - ring "Geshrant" {rF+ Str+4 Int+6 Dex+8 Stlth-}
MPRegen 0.00/turn                l - +4 ring of evasion

@: flying, studying Fighting
A: reduced essence, sickness immunity, fire resistance 2, cold vulnerability 1,
float, innate caster, HP casting, extra vitality 1
a: Renounce Religion, Evoke Invisibility, Recall Ancestor, Ancestor Identity,
Transference, Idealise


You were on level 5 of the Lair of Beasts.
You worshipped Hepliaklqana.
Hepliaklqana was exalted by your worship.
You visited 4 branches of the dungeon, and saw 22 of its levels.
You also visited: Bailey and Volcano.

You collected 1545 gold pieces.
You spent 115 gold pieces at shops.

Inventory:

Hand Weapons
 h - a +0 dagger of protection
 u - the +4 dagger "Morg" (weapon) {pain, Will+ Int+5}
   (You found it on level 3 of the Dungeon)

   In the hands of one skilled in necromantic magic, it inflicts extra damage on
   living creatures.
   Your inability to study Necromancy prevents you from drawing on the full
   power of this weapon.
   Int:       It affects your intelligence (+5).
   Will:      It increases your willpower.
 X - a +2 antimagic demon blade
Missiles
 m - 13 poisoned darts (quivered)
 w - 4 javelins
 D - 2 throwing nets
 P - 3 curare-tipped darts
Armour
 a - a +1 robe
 n - a +0 helmet (worn)
 J - a +0 cloak (worn)
 K - a +1 robe of willpower
 L - a +1 robe of fire resistance
 M - a +0 pair of gloves (worn)
 N - a +2 robe of willpower
 U - a +0 hat
 Z - the +1 scale mail of Kleptomania (worn) {+Inv MP+9 Int+4}
   (You found it on level 4 of the Lair of Beasts)

   Int:       It affects your intelligence (+4).
   MP:        It affects your magic capacity (+9).
   +Inv:      It lets you turn invisible.
Jewellery
 d - a +6 ring of dexterity
 j - an amulet of regeneration (around neck)
 l - a +4 ring of evasion (right hand)
 r - a ring of protection from fire
 z - a ring of fire
 A - a ring of resist corrosion
 B - the ring "Geshrant" (left hand) {rF+ Str+4 Int+6 Dex+8 Stlth-}
   (You acquired it on level 4 of the Lair of Beasts)

   [ring of intelligence]

   Str:       It affects your strength (+4).
   Int:       It affects your intelligence (+6).
   Dex:       It affects your dexterity (+8).
   rF:        It protects you from fire.
   Stlth:     It makes you less stealthy.
 V - an amulet of the acrobat
 W - a ring of willpower
Wands
 t - a wand of flame (35)
 E - a wand of quicksilver (17)
 H - a wand of charming (18)
 O - a wand of iceblast (8)
 R - a wand of mindburst (2)
Scrolls
 b - 7 scrolls of teleportation
 f - 9 scrolls of enchant armour
 p - 2 scrolls of brand weapon
 q - 2 scrolls of butterflies
 s - 2 scrolls of silence
 v - 7 scrolls of enchant weapon
 y - 3 scrolls of immolation
 Q - 4 scrolls of poison
Potions
 c - 4 potions of cancellation
 e - 3 potions of curing
 i - a potion of flight {unknown}
 k - 4 potions of might
 o - 4 potions of attraction
 x - 2 potions of resistance
 C - 5 potions of invisibility
 F - 6 potions of mutation
 G - a potion of brilliance {unknown}
 I - 4 potions of haste
 S - 4 potions of ambrosia
 T - 4 potions of lignification


   Skills:
 + Level 14.7 Fighting
 + Level 8.6 Short Blades
 + Level 6.4 Armour
 - Level 11.5 Dodging
 - Level 5.5 Stealth
 * Level 10.5 Spellcasting
 - Level 1.1 Invocations
 - Level 4.3 Evocations


You couldn't memorise any spells.
You knew the following spells:

 Your Spells              Type           Power      Damage    Failure   Level
a - Foxfire               Conj/Fire      100%       2x1d9     1%          1
b - Scorch                Fire           100%       2d10      1%          2
c - Kindle Blastsparks    Fire/Tloc/Air  100%       2d18      1%          3
d - Inner Flame           Hex/Fire       79%        N/A       1%          3
e - Flame Wave            Conj/Fire      79%        2d17      1%          4
f - Magic Dart            Conj           100%       1d8       1%          1
g - Wereblood             Tmut           79%        N/A       1%          2
h - Lesser Beckoning      Tloc           100%       N/A       1%          3
i - Portal Projectile     Hex/Tloc       100%       N/A       1%          3
j - Cause Fear            Hex            39%        N/A       1%          4
k - Iskenderun's Battles  Conj           79%        2d13      3%          5
l - Summon Cactus Giant   Summ           39%        N/A       19%         6
Your spell library was empty.

Dungeon Overview and Level Annotations

Branches:
Dungeon (15/15)            Temple (0/1) D:4            Lair (5/5) D:10
 Shoals (0/4) Lair:3       Spider (1/4) Lair:2        Slime (0/5) Lair:4
    Orc (1/2) D:11         Bailey (visited)         Volcano (visited)
 Vaults: D:13-14     Depths: D:15

Altars:
Dithmenos
Gozag
Hepliaklqana
Trog
Zin
The Shining One
Jiyva

Shops:
D:4 [*(([   D:5 *   D:8 *

Annotations:
D:11 exclusion: downstairs
Lair:2 1 runed translucent door, exclusion: downstairs, caveywoolpert's ghost, journeyman DsEE
Lair:3 exclusion: downstairs
Lair:4 exclusion: downstairs
Spider:1 Agnes; Nikola


Innate Abilities, Weirdness & Mutations

Your life essence is reduced to manifest your ancestor. (-10% HP)
You are immune to sickness and miasma.
You are immune to poison.
Your flesh is very heat resistant. (rF++)
You are vulnerable to cold. (rC-)
You float through the air rather than walking.
You learn spells naturally, not from books.
Your magical power is your life essence.
You have superior vitality. (+4 MHP)


Message History

The eight-headed hydra closely misses you. x2
The eight-headed hydra bites you but does no damage.
The eight-headed hydra bites you!
* * * LOW HITPOINT WARNING * * *
Casting: Scorch (safe; 1% risk of failure)
Confirm with . or Enter, or press ? or * to list all spells.
Casting: Cause Fear (mildly dangerous; 1% risk of failure)
Press: ? - help, Dir - look around, f - activate The cane toad looks frightened!
The eight-headed hydra looks frightened!
The four-headed hydra resists with some effort.
The black mamba looks frightened!
* * * LOW HITPOINT WARNING * * *
A cane toad comes into view.
Kaya hits the cane toad with a +0 broad axe of flaming!
Kaya burns the cane toad.
You feel better.
A rime drake comes into view.
A cane toad comes into view.
The rime drake breathes ice at you. The icy flash freeze hits you!!
You feel a painful chill!
* * * LOW HITPOINT WARNING * * *
You are encased in ice.
The cane toad completely misses you.
A polar bear comes into view. x2
Okay, then.
You feel very mighty all of a sudden. The cane toad misses you.
The cane toad closely misses you.
You feel better. The ice encasing you melts away.
A cane toad comes into view.
A yak comes into view.
The cane toad barely misses you.
Your magical effects are unravelling.
You feel magically purged.
You feel a little less mighty now.
The sentinel's mark upon you fades away.
A komodo dragon comes into view.
The rime drake breathes ice at you. The icy flash freeze hits you!!
You feel a painful chill!
You die...

...#.#.....##..............,,,,,,
...#.#...#.#.#Y....#........,,,,,
R.#.#......##.....##...........<.
#...#..'###.##h.#................
....#....#..÷....................
....#.....#.h.......k............
....#8.<.8#......................
.##.......#.......C....l#........
^##.##.8.##....#@FPFR.F#.#.......
##.#######....P##..#..#...#......
####.........#####D.B.#.#....P..
#..........P*,*####.Y#......RY
##.....#....P,** #....B.......
#..............# #####........
###..............## #####........
#.................# #...÷........
C#P..............#*##............


You could see the friendly Kaya the knight, a boulder beetle, a four-headed
hydra, 2 polar bears, a komodo dragon, 2 yaks, 3 cane toads, a rime drake
(catching breath) and a friendly cactus giant (summoned).

Vanquished Creatures
  A hydra (Lair:4)
  2 boulder beetles
  A centaur warrior (D:13)
  4 death yaks
  3 two-headed ogres
  Sonja (Lair:4)
  The ghost of gabibbone the Covert, a novice VSBr of Ru (D:8)
  An ugly thing (D:12)
  2 orc sorcerers
  2 elephants
  A manticore (D:12)
  Joseph (D:10)
  A black mamba (Lair:1)
  A merfolk siren (Lair:3)
  2 gargoyles (D:12)
  2 molten gargoyles (Volcano)
  8 cane toads
  3 rime drakes
  3 komodo dragons
  2 unseen horrors
  A queen bee (Lair:2)
  3 hornets
  2 polar bears (Lair:3)
  6 slime creatures
  3 blink frogs (Lair:4)
  A shadow (D:10)
  2 wyverns
  30 yaks
  A wraith (D:12)
  3 basilisks (Lair:2)
  2 fire bats (Volcano)
  2 steam dragons
  3 redbacks (Lair:2)
  2 vampire mosquitoes
  A warg (Orc:1)
  5 water moccasins
  A hell hound (Volcano)
  8 orc warriors
  2 ice beasts (D:5)
  An ogre (D:11)
  10 wolves
  A centaur (D:8)
  A phantom (D:6)
  A kobold brigand (D:8)
  5 bullfrogs
  2 wights (D:9)
  27 killer bees
  2 howler monkeys (D:7)
  An electric eel (D:12)
  2 lava snakes (Volcano)
  An orc priest (D:10)
  A hound (D:6)
  3 jellies
  2 iguanas
  Natasha (D:3)
  7 orc wizards
  A statue (D:10)
  9 gnolls
  2 adders (D:2)
  An ufetubus (D:5)
  40 orcs
  4 bats
  2 endoplasms
  A giant cockroach (D:2)
  5 hobgoblins
  2 jackals (D:2)
  2 quokkas
  7 ball pythons
  2 ball python skeletons (D:3)
  3 frilled lizards
  9 goblins
  5 kobolds
  A quokka zombie (D:3)
  7 rats
  A butterfly (Lair:1)
292 creatures vanquished.

Vanquished Creatures (collateral kills)
  Gastronok (Lair:2)
  A two-headed ogre (D:12)
  An ugly thing (Volcano)
  A manticore (D:12)
  A cyclops (D:12)
  A black mamba (Lair:5)
  8 elephants
  9 cane toads
  A gargoyle (D:12)
  A smoke demon (Volcano)
  A rime drake (Lair:1)
  A cane toad (shapeshifter) (D:12)
  An efreet (D:12)
  4 komodo dragons
  A red devil (Volcano)
  A polar bear (D:10)
  3 trolls (D:12)
  A hornet (D:7)
  4 slime creatures (D:12)
  A blink frog (Lair:4)
  3 jumping spiders
  A shadow (D:10)
  3 wyverns
  A vampire (D:12)
  13 yaks
  2 basilisks
  2 steam dragons
  Grum (D:10)
  7 vampire mosquitoes
  An acid dragon (D:11)
  A hell hound (Volcano)
  7 water moccasins
  A black bear (D:7)
  6 orc warriors
  An ice beast (D:7)
  9 wolves
  3 centaurs
  4 bullfrogs
  A gnoll sergeant (D:13)
  4 scorpions
  3 wights (D:9)
  7 killer bees
  3 howler monkeys (D:7)
  4 lava snakes (Volcano)
  3 orc priests
  2 hounds (D:4)
  A jelly (D:4)
  3 gnoll boudas
  3 iguanas
  6 orc wizards
  A hound zombie (D:3)
  6 gnolls
  3 adders
  2 worms
  A dart slug (D:3)
  22 orcs
  5 endoplasms
  4 goblins
  A hobgoblin (D:1)
  2 jackals (D:2)
  2 kobolds
  A quokka (D:3)
  A ball python skeleton (D:3)
  2 bats
  A frilled lizard (D:2)
  A spectral quokka (D:3)
  5 foxfires
209 creatures vanquished.

Vanquished Creatures (others)
  2 orc wizards
  11 knights
  An ancestor (D:1)
  854 foxfires
  22 fungi
  17 plants
  24 withered plants
931 creatures vanquished.

Grand Total: 1432 creatures vanquished

Notes
Turn   | Place    | Note
-------+----------+-------------------------------------------
     0 | D:1      | ketsa the Djinni Fire Elementalist began the quest for the
                  | Orb.
     0 | D:1      | ketsa set off with the following spells memorised: Foxfire,
                  | Scorch, Kindle Blastsparks, Inner Flame, Flame Wave.
     0 | D:1      | Reached XP level 1. HP: 15/15 MP: 0/0
   132 | D:1      | Found a faded altar of an unknown god.
   140 | D:1      | Prayed at the altar of an unknown god.
   140 | D:1      | Became a worshipper of Hepliaklqana the Forgotten
   140 | D:1      | Reached * piety under Hepliaklqana
   281 | D:1      | Reached XP level 2. HP: 18/19 MP: 0/0
   332 | D:1      | Reached skill level 1 in Fighting
   606 | D:1      | Reached XP level 3. HP: 24/24 MP: 0/0
   606 | D:1      | Learned a level 1 spell: Magic Dart
   872 | D:2      | Reached ** piety under Hepliaklqana
   881 | D:2      | Remembered your ancestor Kaya as a knight
   943 | D:2      | Reached XP level 4. HP: 29/29 MP: 0/0
  1040 | D:2      | Reached skill level 2 in Fighting
  1496 | D:3      | Noticed a scorpion
  1891 | D:3      | Noticed Natasha
  1913 | D:3      | Killed Natasha
  1914 | D:3      | Reached XP level 5. HP: 23/35 MP: 0/0
  1914 | D:3      | Learned a level 2 spell: Wereblood
  1930 | D:3      | Found the +4 dagger "Morg" {pain, Will+ Int+5}
  2083 | D:3      | Reached XP level 6. HP: 40/40 MP: 0/0
  2189 | D:4      | Found Xicser's Antique Armour Boutique.
  2244 | D:4      | Reached skill level 3 in Fighting
  2334 | D:4      | Found Rufosean's Weapon Shoppe.
  2352 | D:4      | Reached *** piety under Hepliaklqana
  2366 | D:4      | Found a staircase to the Ecumenical Temple.
  2425 | D:4      | Found Utaimo's General Store.
  2432 | D:4      | Found Taucilot's Armour Emporium.
  2802 | D:4      | Found Judugg Tyuni's Antique Weapon Emporium.
  2917 | D:5      | Entered Level 5 of the Dungeon
  2947 | D:5      | Reached XP level 7. HP: 45/45 MP: 0/0
  2947 | D:5      | Learned a level 3 spell: Lesser Beckoning
  2966 | D:5      | Noticed a water moccasin
  2975 | D:5      | Killed a water moccasin
  2976 | D:5      | Reached skill level 4 in Fighting
  2976 | D:5      | Reached skill level 5 in Dodging
  2977 | D:5      | Reached skill level 1 in Short Blades
  3110 | D:5      | Reached XP level 8. HP: 52/52 MP: 0/0
  3270 | D:5      | Found Nufail's Neck Hole.
  3686 | D:6      | Reached **** piety under Hepliaklqana
  4328 | D:7      | Found an opulent altar of Gozag.
  4341 | D:7      | Reached skill level 5 in Fighting
  4393 | D:7      | Found a glowing silver altar of Zin.
  4478 | D:7      | Noticed a wyvern
  4611 | D:7      | Noticed a hornet
  5131 | D:8      | Reached XP level 9. HP: 34/58 MP: 0/0
  5131 | D:8      | Learned a level 3 spell: Portal Projectile
  5139 | D:8      | Noticed a two-headed ogre
  5156 | D:8      | Killed a two-headed ogre
  5157 | D:8      | Reached skill level 6 in Fighting
  5157 | D:8      | Reached skill level 5 in Spellcasting
  5253 | D:8      | Noticed a hornet
  5258 | D:8      | Killed a hornet
  5296 | D:8      | Found a runed translucent door.
  5299 | D:8      | Noticed gabibbone's ghost (novice VSBr)
  5822 | D:7      | Reached XP level 10. HP: 65/65 MP: 0/0
  6274 | D:8      | Reached skill level 5 in Short Blades
  6293 | D:8      | Reached ***** piety under Hepliaklqana
  6466 | D:8      | Reached skill level 7 in Fighting
  6466 | D:8      | Reached skill level 1 in Armour
  6879 | D:8      | Found Ymamyrei's General Store.
  6884 | D:8      | Bought a scroll of noise for 10 gold pieces
  6884 | D:8      | Bought a scroll of teleportation for 30 gold pieces
  6966 | D:8      | Upgraded the game from 0.30-a0-377-g5cb311bc9f to
                  | 0.30-a0-381-g6ea064c7b4
  7036 | D:8      | Bought a scroll of magic mapping for 75 gold pieces
  7379 | D:9      | Found a flagged portal.
  7387 | Bailey   | Entered a bailey
  8212 | D:9      | Found a shadowy altar of Dithmenos.
  8232 | D:9      | Reached skill level 8 in Fighting
  8601 | D:10     | Entered Level 10 of the Dungeon
  8937 | D:10     | Reached XP level 11. HP: 73/73 MP: 0/0
  8937 | D:10     | Learned a level 4 spell: Cause Fear
  9000 | D:10     | Found a staircase to the Lair.
  9354 | D:10     | Noticed Grum
  9358 | D:10     | Noticed Joseph
  9449 | D:10     | Reached skill level 9 in Fighting
  9449 | D:10     | Killed Grum
  9477 | D:10     | Killed Joseph
  9587 | D:10     | Reached skill level 10 in Dodging
  9660 | D:10     | Found a glowing golden altar of the Shining One.
  9746 | Lair:1   | Entered Level 1 of the Lair of Beasts
  9763 | Lair:1   | Found a dark tunnel.
  9769 | Volcano  | Entered a volcano
 10139 | Volcano  | Found a bloodstained altar of Trog.
 10139 | Volcano  | Noticed a red ugly thing
 10157 | Volcano  | Noticed an orc sorcerer
 10158 | Volcano  | Killed a red ugly thing
 10230 | Volcano  | Killed an orc sorcerer
 10520 | Lair:1   | Reached skill level 10 in Fighting
 10524 | Lair:1   | Reached XP level 12. HP: 42/81 MP: 0/0
 11299 | Lair:2   | Found a runed translucent door.
 11362 | Lair:2   | Reached skill level 11 in Fighting
 11367 | Lair:2   | Noticed Gastronok
 11379 | Lair:2   | Killed Gastronok
 11606 | Lair:2   | Noticed caveywoolpert's ghost (journeyman DsEE)
 12030 | Lair:2   | Found a hole to the Spider Nest.
 12035 | Lair:2   | You are sucked into a shaft and drop 2 floors!
 12035 | Lair:4   | Found a viscous altar of Jiyva.
 12038 | Lair:4   | Noticed Sonja
 12040 | Lair:4   | Found a staircase to the Slime Pits.
 12114 | Lair:3   | Noticed a death yak
 12297 | Spider:1 | Entered Level 1 of the Spider Nest
 12297 | Spider:1 | Noticed Nikola
 12297 | Spider:1 | Reached ****** piety under Hepliaklqana
 12297 | Spider:1 | Noticed a broodmother
 12299 | Spider:1 | Noticed Agnes
 12302 | Spider:1 | Noticed a sun moth
 12387 | Lair:2   | Reached XP level 13. HP: 59/90 MP: 0/0
 12387 | Lair:2   | Learned a level 5 spell: Iskenderun's Battlesphere
 12710 | Lair:2   | Reached skill level 12 in Fighting
 13424 | Lair:3   | Found a staircase to the Shoals.
 13436 | Lair:3   | Reached skill level 5 in Stealth
 14074 | Lair:2   | Reached skill level 13 in Fighting
 14092 | Lair:2   | Identified 2 scrolls of acquirement
 14092 | Lair:2   | Acquired a manual of Fighting
 14575 | D:8      | Killed gabibbone's ghost
 14576 | D:8      | Reached skill level 1 in Invocations
 14576 | D:8      | Reached skill level 1 in Evocations
 15397 | D:11     | Reached XP level 14. HP: 85/99 MP: 0/0
 15771 | D:11     | Found a staircase to the Orcish Mines.
 15778 | Orc:1    | Entered Level 1 of the Orcish Mines
 15778 | Orc:1    | Noticed an orc warlord
 16328 | D:12     | You are sucked into a shaft and drop 3 floors!
 16328 | D:15     | Entered Level 15 of the Dungeon
 16798 | D:12     | Reached skill level 5 in Armour
 16798 | D:12     | Reached skill level 10 in Spellcasting
 17010 | D:12     | Reached skill level 14 in Fighting
 17363 | Lair:3   | Found a bloodstained altar of Trog.
 17808 | Lair:4   | Killed Sonja
 17892 | Lair:4   | Identified the +1 scale mail of Kleptomania {+Inv MP+9
                  | Int+4}
 18501 | Lair:4   | Acquired the ring "Geshrant" {rF+ Str+4 Int+6 Dex+8 Stlth-}
 18696 | Lair:5   | Entered Level 5 of the Lair of Beasts
 18764 | Lair:4   | Upgraded the game from 0.30-a0-381-g6ea064c7b4 to
                  | 0.30-a0-385-gfebfb9b408
 18834 | Lair:5   | Found a frozen archway.
 19390 | D:11     | Reached XP level 15. HP: 106/106 MP: 0/0
 19390 | D:11     | Learned a level 6 spell: Summon Cactus Giant
 19718 | Lair:5   | HP: 5/106 [rime drake/icy flash freeze (26)]
 19721 | Lair:5   | Killed from afar by a rime drake

Illustrated notes

Levels and vault maps discovered:
D:1:      psy_arrival_terrarium, layout_loops_ring,
          ebering_ecumenical_altar_mist
D:2:      layout_loops_ring, chequers_serial_rivers_micro_e
D:3:      minmay_evil_eye, layout_loops_cross, dilly_guarded_unrand_morg
D:4:      layout_gridville, minmay_temple_entry_arrows, serial_shops,
          nicolae_shop_bloodbath_and_beyond, nicolae_shop_window_shopping,
          nicolae_shop_temple_entry_statues_fountains, shop, shop
D:5:      layout_rooms, nicolae_shop_sticking_my_neck_out
D:6:      layout_loops_ring, minivault_26
D:7:      kb_forest_paths, layout_loops_corners, zin_statuary,
          mainiacjoe_overflow_paths, serial_co_window_serial,
          co_window_of_opportunity_a, co_window_corner_a, co_window_paths_a,
          co_window_paths_b, co_window_of_opportunity_a, co_window_corner_b,
          co_window_corner_ca, co_window_paths_c, co_window_2corner,
          glass_columns_b, glass_columns_a, glass_columns_a, glass_columns_b,
          glass_columns_c
D:8:      layout_basic, gammafunk_ghost_grave, serial_shops,
          nicolae_shop_competitors_out_of_business
D:9:      layout_roguey, nicolae_dithmenos_the_darkroom, enter_bailey_3
D:10:     layout_loops_cross, tso_altar, vehumet_statue,
          hellmonk_lair_entry_icy, uniq_grum, uniq_joseph
D:11:     layout_cave_pools, orc_0_dummy, led_sif_book
D:12:     minmay_nested_s, layout_basic, grunt_ministairs_12
D:13:     layout_rooms, hangedman_cracks_in_the_wall
D:14:     layout_rooms, erik_vaults_2, lightli_church_of_beogh, uniq_josephine,
          uniq_nessos
D:15:     gammafunk_depths_entry_grave, layout_rooms,
          nicolae_concentric_dashed_squares_mild, nrook_campfire, minivault_20,
          nicolae_yredelemnul_corpse_copse, uniq_louise, uniq_roxanne
Lair:1:   layout_chaotic_city, enter_volcano_4, lemuel_fruit_fields,
          lemuel_fruit_tree, serial_bayou_shore_b
Lair:2:   regret_index_bee_streams, layout_regular_city, spider_nest_entry_a,
          gammafunk_ghost_grave, uniq_gastronok
Lair:3:   layout_regular_city, minmay_shoals_entry_lonely_mermaid, basic_altar,
          nicolae_quartered_pool_little, grunt_megastairs_4,
          infiniplex_staircase_pool_2
Lair:4:   layout_regular_city, slime_entry_1, uniq_sonja
Lair:5:   minmay_lair_end_enchanted_forest, layout_hall_layers,
          portal_ice_cave_entry_pillars_2, st_stairs_4, serial_bayou_pond_d,
          grunt_megastairs_1
Spider:1: layout_spider_delve, uniq_kirke, uniq_nikola, uniq_agnes
Orc:1:    layout_caves, basic_altar, okawaru_metal_pillars_3

Skill      XL: |  1  2  3  4  5  6  7  8  9 10 11 12 13 14 |
---------------+-------------------------------------------+-----
Fighting       | 1 2 3 4 5 6 8 10 11 13 14 | 14.7
Dodging        | 3 4 5 6 7 9 10 11 | 11.5
Spellcasting   | 3 4 5 6 8 9 10 | 10.5
Short Blades   | 1 3 4 6 7 8 |  8.6
Armour         | 1 3 4 6 |  6.4
Stealth        | 4 5 |  5.5
Invocations    | 1 |  1.1
Evocations     | 2 4 |  4.3

Action                   |  1- 3 |  4- 6 |  7- 9 | 10-12 | 13-15 || total
-------------------------+-------+-------+-------+-------+-------++-------
Melee: Dagger            |     1 |     4 |       |   104 |    53 ||   162
       Punch             |       |       |       |     2 |     1 ||     3
Throw: Dart              |       |       |     1 |     1 |       ||     2
 Cast: Foxfire           |    38 |    67 |    54 |   154 |   206 ||   519
       Scorch            |       |     5 |    14 |   101 |   139 ||   259
       Wereblood         |       |     1 |       |       |     1 ||     2
       Kindle Blastspark |       |       |     7 |    12 |    25 ||    44
       Magic Dart        |       |       |    22 |    49 |    39 ||   110
       Portal Projectile |       |       |     1 |     1 |       ||     2
       Flame Wave        |       |       |       |    17 |    35 ||    52
       Lesser Beckoning  |       |       |       |     6 |       ||     6
       Iskenderun's Batt |       |       |       |       |    44 ||    44
       Cause Fear        |       |       |       |       |     7 ||     7
       Summon Cactus Gia |       |       |       |       |     4 ||     4
Invok: Ancestor Life: Kn |     1 |       |       |       |       ||     1
       Recall Ancestor   |       |       |     2 |     2 |     9 ||    13
       Idealise          |       |       |       |     1 |       ||     1
Evoke: Wand              |       |       |       |     8 |       ||     8
  Use: Scroll            |     1 |     5 |     4 |    13 |    17 ||    40
       Potion            |       |       |       |       |     9 ||     9
 Stab: Distracted        |       |       |       |     1 |     1 ||     2
       Sleeping          |       |       |       |     1 |       ||     1
Armor: Robe              |     1 |       |     3 |    31 |    41 ||    76
       Scale mail        |       |       |       |       |    15 ||    15
Dodge: Dodged            |    10 |    34 |    24 |   241 |   397 ||   706

Table legend: (Time is in decaauts)
 A = Elapsed time spent in this place.
 B = Non-inter-level travel time spent in this place.
 C = Inter-level travel time spent in this place.
 D = Time resting spent in this place.
 E = Time spent auto-exploring this place.
 F = Levels seen in this place.
 G = Mean time per level.
                   A        B        C        D        E       F      G
               +--------+--------+--------+--------+--------+-----+--------+
         Total |  19704 |  18138 |   1566 |   3114 |   8900 |  24 |  821.0 |
       Dungeon |  12325 |  11127 |   1198 |   1366 |   6532 |  15 |  821.7 |
          Lair |   6082 |   5714 |    368 |   1329 |   2320 |   5 | 1216.4 |
   Spider Nest |     14 |     14 |      0 |      0 |      0 |   1 |   14.0 |
  Orcish Mines |      9 |      9 |      0 |      0 |      0 |   1 |    9.0 |
        Bailey |    572 |    572 |      0 |    332 |     48 |   1 |  572.0 |
       Volcano |    699 |    699 |      0 |     87 |      0 |   1 |  699.0 |
               +--------+--------+--------+--------+--------+-----+--------+

Top non-repeatable levels by time:
  Lair:2: 2261 daAuts
     D:7: 1942 daAuts
     D:8: 1582 daAuts
    D:10: 1280 daAuts
  Lair:1: 1269 daAuts
  Lair:3: 1130 daAuts
  Lair:4: 1109 daAuts
    D:12: 1033 daAuts
    D:11: 1002 daAuts
     D:9: 936 daAuts
     D:3: 799 daAuts
     D:6: 782 daAuts
     D:4: 746 daAuts
     D:2: 718 daAuts
 Volcano: 699 daAuts
